 Dungeon Crawl Stone Soup version 0.28-a0-726-g4a9143789a (webtiles) character file.

Game seed: 18415790892538502903

125 ytrimaz the Covered (level 5, -9/42 HPs)
             Began as a Formicid Fighter on Oct 27, 2021.
             Killed by divine providence
             ... invoked by an orc priest
              (12 damage)
             ... on level 3 of the Dungeon.
             The game lasted 00:02:09 (3140 turns).

ytrimaz the Covered (Formicid Fighter)              Turns: 3140, Time: 00:02:09

Health: -9/42      AC:  9    Str: 21    XL:     5   Next: 30%
Magic:  5/5        EV:  9    Int:  8    God:
Gold:   40         SH:  5    Dex: 16    Spells: 4/4 levels left

rFire   . . .      SeeInvis +   a - +0 war axe
rCold   + . .      Faith    .   c - +0 buckler
rNeg    . . .      Spirit   .   h - +1 scale mail {rC+}
rPois   +          Reflect  .   (helmet unavailable)
rElec   .          Harm     .   (no cloak)
rCorr   .          Rampage  .   l - +0 pair of gloves
Will    .....                   (no boots)
Stlth   ..........              (no amulet)
HPRegen 0.14/turn               f - +6 ring of dexterity
MPRegen 0.09/turn               k - ring of poison resistance

@: no status effects
A: permanent stasis, dig shafts and tunnels, antennae 3, four strong arms
a: Dig, Shaft Self


You were on level 3 of the Dungeon.
You visited 1 branch of the dungeon, and saw 3 of its levels.

You collected 40 gold pieces.

Inventory:

Hand Weapons
 a - a +0 war axe (weapon)
Armour
 c - a +0 buckler (worn)
 h - a +1 scale mail of cold resistance (worn)
 l - a +0 pair of gloves (worn)
Jewellery
 f - a +6 ring of dexterity (left hand)
 k - a ring of poison resistance (right hand)
Scrolls
 m - a scroll of identify {unknown}
 o - a scroll of teleportation {unknown}
Potions
 b - a potion of degeneration {unknown}
 d - 2 potions of might
 e - 2 potions of haste {unknown}
 g - 3 potions of mutation {unknown}
 i - a potion of heal wounds {unknown}
 j - a potion of berserk rage {unknown}
 n - a potion of flight {unknown}


   Skills:
 + Level 4.2 Fighting
 + Level 3.8 Axes
 + Level 4.2 Armour
 - Level 3.6 Shields


You had 4 spell levels left.
You didn't know any spells.
Your spell library contained the following spells:

 Spells                   Type           Power      Damage    Failure   Level
 Frozen Ramparts          Ice            0%         1d2       98%         3
 Ice Form                 Ice/Tmut       0%         N/A       100%        4
 Summon Ice Beast         Ice/Summ       0%         N/A       100%        4


Dungeon Overview and Level Annotations

Branches:
Dungeon (3/15)

Altars:
Vehumet


Innate Abilities, Weirdness & Mutations

You cannot be hasted, slowed, berserked, paralysed or teleported.
You can dig through walls and to a lower floor.
You have a pair of large antennae on your head. (SInv)
Your four strong arms can wield two-handed weapons with a shield.


Message History

The orc shouts!
You slash the orc!
You kill the orc!
You hear a shout!
An orc wizard comes into view. It is wielding a +0 dagger.
The orc barely misses you.
The orc wizard gestures wildly while chanting.
The orc wizard flickers and vanishes for a moment.
You see here a +0 club.
You slash the orc!
You kill the orc!
You see here a +0 dagger.
You hit the orc.
The orc is heavily wounded.
The orc barely misses you. The orc hits you with a +0 club.
You slash the orc!
You kill the orc!
You closely miss the orc priest.
The orc priest hits you with a +0 flail.
You barely miss the orc priest. The orc priest barely misses you. x2
You hit the orc priest.
The orc priest is lightly wounded.
The orc priest invokes the aid of Beogh against you.
Pain shoots through your body!
You hit the orc priest.
The orc priest is heavily wounded.
The orc priest hits you with a +0 flail.
You barely miss the orc priest.
The orc priest is heavily wounded.
The orc priest hits you with a +0 flail. x2
* * * LOW HITPOINT WARNING * * *
You barely miss the orc priest.
The orc priest is heavily wounded.
The orc priest hits you with a +0 flail!
* * * LOW HITPOINT WARNING * * *
You hit the orc priest.
The orc priest is severely wounded.
The orc priest mumbles some strange prayers to Beogh against you.
Beogh smites you!
You die...

### #.#
... #o#
#o#
#.#@#
### #
#.#)# .#
#..
#####
#.#.# .#
##.#
....#
#.#.##.#
#...
###.#
#......#
#... #
#.#
#......#
#... #
#.#
#......#
##.# #
#.#
#......#
#.# #.#
#.#'##.#
#.#


You could see an orc priest and an orc wizard (invisible).

Vanquished Creatures
  3 gnolls (D:3)
  3 adders (D:2)
  A worm (D:2)
  3 orcs (D:3)
  4 bats
  6 endoplasms
  4 giant cockroaches
  10 goblins
  3 hobgoblins
  2 jackals (D:1)
  4 kobolds
  A quokka (D:2)
  5 ball pythons
  5 frilled lizards
  5 rats
59 creatures vanquished.

Vanquished Creatures (others)
  A fungus (D:2)
1 creature vanquished.

Grand Total: 60 creatures vanquished

Notes
Turn   | Place    | Note
-------+----------+-------------------------------------------
     0 | D:1      | ytrimaz the Formicid Fighter began the quest for the Orb.
     0 | D:1      | Reached XP level 1. HP: 18/18 MP: 1/1
   159 | D:1      | Reached XP level 2. HP: 24/24 MP: 2/2
   543 | D:1      | Reached XP level 3. HP: 27/30 MP: 3/3
  1321 | D:2      | Reached XP level 4. HP: 30/37 MP: 4/4
  2310 | D:2      | Found a faded altar of an unknown god.
  2696 | D:3      | Found a radiant altar of Vehumet.
  2914 | D:3      | Reached XP level 5. HP: 29/42 MP: 5/5
  3140 | D:3      | Killed from afar by an orc priest

Illustrated notes

Levels and vault maps discovered:
D:1:      psy_arrival_statuary, layout_basic
D:2:      layout_basic, shapermc_ecumenical_altar_petra
D:3:      layout_basic, mainiacjoe_overflow_paths, serial_bayou_ford_a

Skill      XL: |  1  2  3  4 |
---------------+-------------+-----
Axes           | 3 |  3.8
Armour         | 4 |  4.2
Fighting       | 4 |  4.2
Shields        | |  3.6

Action                   |  1- 3 |  4- 6 || total
-------------------------+-------+-------++-------
Melee: War axe           |    75 |    63 ||   138
  Use: Scroll            |       |     1 ||     1
       Potion            |       |     1 ||     1
Armor: Scale mail        |    64 |    25 ||    89
Dodge: Dodged            |    35 |    26 ||    61
Block: Buckler           |    26 |    15 ||    41

Table legend: (Time is in decaauts)
 A = Elapsed time spent in this place.
 B = Non-inter-level travel time spent in this place.
 C = Inter-level travel time spent in this place.
 D = Time resting spent in this place.
 E = Time spent auto-exploring this place.
 F = Levels seen in this place.
 G = Mean time per level.
                   A        B        C        D        E       F      G
               +--------+--------+--------+--------+--------+-----+--------+
         Total |   3199 |   3029 |    170 |      0 |   2591 |   3 | 1066.3 |
       Dungeon |   3199 |   3029 |    170 |      0 |   2591 |   3 | 1066.3 |
               +--------+--------+--------+--------+--------+-----+--------+

Top non-repeatable levels by time:
     D:2: 1373 daAuts
     D:1: 1124 daAuts
     D:3: 701 daAuts
